 Dungeon Crawl Stone Soup version 0.31.0-32-g396128a36d (webtiles) character file.

Game seed: 3971322966238636611

6464 Paroxsymal the Spear-Bearer (level 10, -6/85 HPs)
             Began as a Demonspawn Fighter on Mar 29, 2024.
             Was an Initiate of Gozag.
             Mangled by a two-headed ogre
             ... wielding a +0 giant club
              (17 damage)
             ... on level 10 of the Dungeon.
             The game lasted 00:17:39 (10668 turns).

Paroxsymal the Spear-Bearer (Demonspawn Fighter)   Turns: 10668, Time: 00:17:40

Health: -6/85      AC: 20    Str: 20    XL:     10   Next: 68%
Magic:  13/13      EV: 10    Int: 10    God:    Gozag
Gold:   401        SH:  9    Dex: 12    Spells: 13/13 levels left

rFire   . . .        b - +4 trident (vamp)
rCold   + . .        c - +0 buckler
rNeg    . . .        h - +0 ring mail {Will+}
rPois   .            (helmet restricted)
rElec   .            (no cloak)
rCorr   +            o - +0 pair of gloves
SInv    .            m - +0 pair of boots
Will    +....        (no amulet)
Stlth   +            R - ring of resist corrosion
HPRegen 0.34/turn    C - ring of protection from cold
MPRegen 0.13/turn

%: no passive effects
@: sanguine armoured
A: antennae 1, foul stench 1, icemail 1, sanguine armour 2, condensation shield
a: Renounce Religion, Potion Petition, Call Merchant, Bribe Branch


You were on level 10 of the Dungeon.
You worshipped Gozag.
Gozag was aware of your devotion.
You visited 2 branches of the dungeon, and saw 11 of its levels.

You collected 1078 gold pieces.
You spent 556 gold pieces at shops.
You paid 121 gold pieces to Gozag.


Innate Abilities, Weirdness & Mutations

You have a pair of small antennae on your head.
You may rarely emit foul miasma when damaged in melee.
A meltable icy envelope protects you from harm. (AC +4)
When seriously injured, your blood forms thick armour. (AC +9)
A meltable shield of frost defends you. (SH +4)


   Skills:
 - Level 10.0 Fighting
 + Level 11.4 Polearms
 - Level 2.6 Armour
 - Level 5.0 Shields
 - Level 2.0 Spellcasting


You had 13 spell levels left.
You didn't know any spells.
Your spell library contained the following spells:

 Spells                   Type           Power      Damage    Failure   Level
 Apportation              Tloc           2%         N/A       54%         1
 Sting                    Conj/Alch      4%         1d3       54%         1
 Jinxbite                 Hex            2%         N/A       67%         2
 Mercury Vapours          Alch/Air       2%         N/A       67%         2
 Olgreb's Toxic Radiance  Alch           1%         N/A       99%         4
 Alistair's Intoxication  Alch           0%         N/A       100%        5

Inventory:

Hand Weapons
 a - a +1 trident of venom
 b - a +4 vampiric trident (weapon)
Armour
 c - a +0 buckler (worn)
 h - a +0 ring mail of willpower (worn)
 m - a +0 pair of boots (worn)
 o - a +0 pair of gloves (worn)
Jewellery
 v - a ring of see invisible
 C - a ring of protection from cold (right hand)
 R - a ring of resist corrosion (left hand)
Wands
 i - a wand of polymorph (6)
 A - a wand of iceblast (4)
 I - a wand of flame (17)
Scrolls
 d - 2 scrolls of immolation {unknown}
 e - 2 scrolls of revelation {unknown}
 f - 3 scrolls of blinking
 g - a scroll of vulnerability {unknown}
 j - a scroll of fear {unknown}
 p - 2 scrolls of poison {unknown}
 r - 3 scrolls of enchant weapon {unknown}
 s - 2 scrolls of noise {unknown}
 t - 4 scrolls of teleportation {unknown}
 y - 2 scrolls of amnesia {unknown}
 z - a scroll of silence {!r}
 B - 2 scrolls of fog
 E - a scroll of enchant armour
Potions
 k - 4 potions of curing {@q1}
 l - a potion of attraction
 u - a potion of enlightenment
 w - 3 potions of lignification
 D - 3 potions of mutation
 F - 2 potions of brilliance
 H - a potion of haste {@q3}
 K - a potion of magic
 L - a potion of might

Dungeon Overview and Level Annotations

Branches:
Dungeon (10/15)            Temple (1/1) D:7            Lair (0/5) D:8
    Orc (0/2) D:9

Altars:
Ashenzari
Cheibriados
Dithmenos
Fedhas
Gozag
Hepliaklqana
Kikubaaqudgha
Makhleb
Nemelex Xobeh
Okawaru
Qazlal
Ru
Sif Muna
Trog
Uskayaw
Vehumet
Wu Jian
Xom

Shops:
D:2 !*!=*   D:3 =

Annotations:
D:5 2 transporters, Tripartite's ghost, amateur MfDe
D:7 2 transporters, exclusion: downstairs, asasucksnuts's ghost, novice MiMo
D:9 3 runed translucent doors, jimmypageman's ghost, novice MiFi

...........# .#
...........##.#
.......#...##.#
.......#...##.#
.......#......#
.......#......#
...... #......#
.....
#...#..######.#
.....
#...#.KKO@....#
.....
#...#KK######.#
... #...#..#
#...#..#
#...#..#
#...#..# #KK#
#.K# #.K#


You could see a two-headed ogre, a kobold brigand and 3 kobolds.


Message History

Unknown command.
You impale the two-headed ogre!!
You feel better.
The two-headed ogre is moderately wounded.
The two-headed ogre barely misses you. x2
You puncture the two-headed ogre!
You feel better.
The two-headed ogre is heavily wounded.
Your blood armour dries and flakes away.
Unknown command.
You hit the two-headed ogre.
You feel better.
The two-headed ogre is heavily wounded.
The two-headed ogre hits you with a +0 giant club!!
* * * LOW HITPOINT WARNING * * *
Your blood congeals into armour.
The two-headed ogre closely misses you.
You hit the two-headed ogre.
The two-headed ogre is severely wounded.
Unknown command.
You closely miss the two-headed ogre.
The two-headed ogre is severely wounded.
The two-headed ogre hits you with a +0 giant club!!
* * * LOW HITPOINT WARNING * * *
The two-headed ogre hits you but does no damage.
You hit the two-headed ogre.
The two-headed ogre is severely wounded.
You barely miss the two-headed ogre.
The two-headed ogre is severely wounded.
The two-headed ogre hits you with a +0 giant club.
* * * LOW HITPOINT WARNING * * *
The two-headed ogre hits you with a +0 giant club!
You die...
Your body crumbles into a pile of gold.

Skill      XL: |  1  2  3  4  5  6  7  8  9 10 |
---------------+-------------------------------+-----
Fighting       | 4 5 9 10 | 10.0
Shields        | 3 4 5 |  5.0
Polearms       | 2 3 4 6 9 10 11 | 11.4
Spellcasting   | 1 2 |  2.0
Armour         | |  2.6

Action                     |  1- 3 |  4- 6 |  7- 9 | 10-12 || total
---------------------------+-------+-------+-------+-------++-------
  Melee: Trident           |    59 |   217 |   384 |   178 ||   838
  Evoke: Wand              |       |       |     3 |     6 ||     9
    Use: Potion            |     1 |       |       |     4 ||     5
         Scroll            |       |       |     9 |     1 ||    10
   Stab: Distracted        |       |       |     2 |     2 ||     4
 Armour: Scale mail        |    33 |       |       |       ||    33
         Ring mail         |       |    87 |   224 |    87 ||   398
  Dodge: Dodged            |    18 |    63 |   106 |    52 ||   239
  Block: Buckler           |    12 |    83 |   117 |    60 ||   272

Levels and vault maps discovered:
D:1:      lemuel_arrival_cross, layout_loops_corners, serial_forest,
          infiniplex_forest_clump_curved, infiniplex_forest_corner_1,
          infiniplex_forest_end_3, infiniplex_forest_lined_3,
          infiniplex_forest_pool, infiniplex_forest_clump_medium,
          infiniplex_forest_straight_3, infiniplex_forest_end_double,
          infiniplex_forest_clump_medium
D:2:      layout_loops_cross, hellmonk_ecumenical_altar_inner_sanctum,
          serial_shops, shop, nicolae_shop_hallway_plus, shop,
          nicolae_square_shop, nicolae_shop_waterfront, kennysheep_minor_cross,
          minmay_tromino_i4, uniq_sigmund
D:3:      layout_rooms, tso_altar, serial_shops, shop, minmay_misc_feat_columns
D:4:      kennysheep_kobold_camp, layout_rooms, lemuel_tele_altar,
          mainiacjoe_overflow_surrounded_room
D:5:      layout_cave_pods, gammafunk_ghost_abyssal_escape
D:6:      layout_basic, okawaru_ov_weapons_minmay,
          hangedman_decor_clover_reticule, hellmonk_no_cap, uniq_jeremiah
D:7:      layout_gridville, jmf_multi_god_temple2,
          nicolae_qazlal_style_of_elements, dancing_weapons_uskayaw,
          minmay_temple_entry_tees, gammafunk_ghost_berserking_beasts
D:8:      wander_river, layout_basic, dpeg_oklobed_lair, kennysheep_island_fort
D:9:      layout_basic, mainiacjoe_overflow_six_doors_small, orc_0_dummy,
          gammafunk_ghost_split, hangedman_abyss_or_decor_passed
D:10:     layout_long_grid, mainiacjoe_overflow_boulevard,
          nicolae_elyvilon_temple_path
Temple:   minmay_temple_curvy_loop

Notes
Turn   | Place    | Note
-------+----------+-------------------------------------------
     0 | D:1      | Paroxsymal the Demonspawn Fighter began the quest for the
                  | Orb.
     0 | D:1      | Reached XP level 1. HP: 18/18 MP: 1/1
   209 | D:1      | Gained mutation: When seriously injured, your blood forms
                  | armour. (AC +9) [demonic ancestry]
   209 | D:1      | Reached XP level 2. HP: 24/24 MP: 2/2
   597 | D:1      | You fall into a shaft and drop 1 floor!
   635 | D:2      | Found Niong's General Store.
   641 | D:2      | Reached skill level 4 in Fighting
   654 | D:2      | Found Ypinam's Assorted Antiques.
   654 | D:2      | Noticed Sigmund
   661 | D:2      | Reached skill level 3 in Shields
   661 | D:2      | Reached XP level 3. HP: 6/30 MP: 3/3
   664 | D:2      | Killed Sigmund
   665 | D:2      | Reached skill level 4 in Shields
   665 | D:2      | Reached skill level 2 in Polearms
   665 | D:2      | Gained mutation: When seriously injured, your blood forms
                  | thick armour. (AC +9) [demonic ancestry]
   665 | D:2      | Reached XP level 4. HP: 9/38 MP: 4/4
   665 | D:2      | Gained mutation: A meltable shield of frost defends you.
                  | (SH +4) [demonic ancestry]
   665 | D:2      | Reached XP level 5. HP: 11/43 MP: 5/5
   800 | D:2      | Found Itomeux's Jewellery Shop.
  1460 | D:2      | Found Taguluorch's Distillery.
  1773 | D:2      | Found a faded altar of an unknown god.
  1870 | D:2      | Reached skill level 3 in Polearms
  1953 | D:2      | Found Qakh's Distillery.
  2020 | D:3      | Reached skill level 5 in Fighting
  2223 | D:3      | Gained mutation: You may rarely emit foul miasma when
                  | damaged in melee. [demonic ancestry]
  2223 | D:3      | Reached XP level 6. HP: 47/51 MP: 6/6
  2342 | D:3      | Found Bieth's Jewellery Shop.
  2929 | D:4      | Found a shadowy altar of Dithmenos.
  2992 | D:4      | Reached skill level 4 in Polearms
  3017 | D:4      | Found a shimmering blue altar of Sif Muna.
  3212 | D:4      | Gained mutation: A meltable icy envelope protects you from
                  | harm. (AC +4) [demonic ancestry]
  3212 | D:4      | Reached XP level 7. HP: 52/56 MP: 7/7
  3352 | D:4      | Reached skill level 5 in Shields
  3549 | D:5      | Entered Level 5 of the Dungeon
  3712 | D:5      | Reached skill level 5 in Polearms
  3734 | D:5      | Noticed Tripartite's ghost (amateur MfDe)
  3810 | D:5      | Found a transporter.
  3818 | D:5      | Found a transporter.
  4083 | D:5      | Reached skill level 6 in Polearms
  4585 | D:6      | Reached XP level 8. HP: 55/62 MP: 8/8
  4753 | D:6      | Noticed Jeremiah
  4797 | D:6      | Killed Jeremiah
  4798 | D:6      | Reached skill level 7 in Polearms
  4965 | D:6      | Reached skill level 8 in Polearms
  4966 | D:6      | Found the +4 consecrated labrys {holy, Valiant ^Fragile Fly
                  | SInv}
  4967 | D:6      | Found an iron altar of Okawaru.
  5512 | D:7      | Found a transporter.
  5522 | D:7      | Noticed asasucksnuts's ghost (novice MiMo)
  5522 | D:7      | Noticed a moth of wrath
  5529 | D:7      | Found a transporter.
  5586 | D:7      | Reached skill level 9 in Polearms
  5609 | D:7      | Noticed a +0 dagger
  5609 | D:7      | Noticed a +0 dagger
  5611 | D:7      | Found a hide-covered altar of Uskayaw.
  5866 | D:7      | Reached XP level 9. HP: 69/69 MP: 9/9
  5900 | D:7      | Found a staircase to the Ecumenical Temple.
  5909 | Temple   | Entered the Ecumenical Temple
  5927 | Temple   | Became a worshipper of Gozag Ym Sagoz the Greedy
  6052 | D:2      | Bought a smoky golden potion for 25 gold pieces
  6052 | D:2      | Bought a green potion for 25 gold pieces
  6052 | D:2      | Bought a murky sapphire potion for 25 gold pieces
  6052 | D:2      | Bought a cyan potion for 25 gold pieces
  6197 | D:7      | Reached skill level 6 in Fighting
  6274 | D:7      | Found a stormy altar of Qazlal.
  6430 | D:7      | Found a blossoming altar of Fedhas.
  6472 | D:7      | Found a shimmering altar of Xom.
  6718 | D:8      | Noticed a centaur warrior
  7026 | D:8      | Paralysed by a hornet for 3 turns
  7036 | D:8      | Reached skill level 10 in Polearms
  7294 | D:8      | Found a staircase to the Lair.
  7425 | D:8      | Reached skill level 7 in Fighting
  7635 | D:8      | Reached skill level 8 in Fighting
  8650 | D:2      | Bought a scroll of identify for 24 gold pieces
  8650 | D:2      | Bought a scroll of blinking for 90 gold pieces
  8650 | D:2      | Bought a potion of magic for 96 gold pieces
  8650 | D:2      | Bought a potion of lignification for 36 gold pieces
  8668 | D:2      | Bought a potion of mutation for 80 gold pieces
  8668 | D:2      | Bought a potion of brilliance for 40 gold pieces
  8668 | D:2      | Bought a potion of heal wounds for 50 gold pieces
  8668 | D:2      | Bought a potion of might for 40 gold pieces
  9047 | D:9      | Reached skill level 9 in Fighting
  9056 | D:9      | Reached skill level 1 in Spellcasting
  9058 | D:9      | Gained mutation: You have a pair of small antennae on your
                  | head. [demonic ancestry]
  9058 | D:9      | Reached XP level 10. HP: 79/83 MP: 9/12
  9093 | D:9      | Found a runed translucent gate.
  9093 | D:9      | Found a runed translucent gate.
  9095 | D:9      | Found a runed translucent gate.
  9097 | D:9      | Noticed jimmypageman's ghost (novice MiFi)
  9098 | D:9      | Noticed an orc high priest
  9113 | D:9      | Noticed an orange demon
  9121 | D:9      | Noticed a rust devil
  9136 | D:9      | Reached skill level 2 in Spellcasting
  9343 | D:9      | Found a hazy altar of Hepliaklqana.
  9619 | D:9      | Reached skill level 10 in Fighting
  9767 | D:9      | Reached skill level 11 in Polearms
 10164 | D:9      | Found a staircase to the Orcish Mines.
 10494 | D:10     | Entered Level 10 of the Dungeon
 10627 | D:10     | Paralysed by a hornet for 1 turns
 10630 | D:10     | HP: 7/85 [hornet (12)]
 10644 | D:10     | Noticed a two-headed ogre
 10668 | D:10     | Mangled by a two-headed ogre

Vanquished Creatures
  Jeremiah (D:6)
  A kobold demonologist (D:9)
  2 hornets
  Sigmund (D:2)
  9 yaks (D:9)
  2 wraiths
  A wyvern (D:8)
  3 steam dragons (D:8)
  2 acid dragons
  2 orc warriors
  4 ogres
  2 centaurs
  A phantom (D:4)
  3 kobold brigands
  A scorpion (D:5)
  4 bullfrogs
  17 killer bees (D:9)
  2 electric eels (D:8)
  2 howler monkeys (D:8)
  A bombardier beetle (D:4)
  2 jellies
  5 orc priests
  5 hounds
  2 sleepcaps (D:6)
  3 iguanas
  6 orc wizards
  4 gnolls (D:4)
  2 adders
  2 shadow imps
  2 white imps (D:5)
  2 ufetubi (D:5)
  7 dart slugs
  A ribbon worm (D:3)
  19 orcs
  7 ball pythons
  3 bats
  10 endoplasms
  4 giant cockroaches
  7 goblins
  6 hobgoblins
  9 jackals
  4 quokkas
  4 frilled lizards
  36 kobolds
  4 rats
217 creatures vanquished.

Table legend: (Time is in decaauts)
 A = Elapsed time spent in this place.
 B = Non-inter-level travel time spent in this place.
 C = Inter-level travel time spent in this place.
 D = Time resting spent in this place.
 E = Time spent auto-exploring this place.
 F = Levels seen in this place.
 G = Mean time per level.
                   A        B        C        D        E       F      G
               +--------+--------+--------+--------+--------+-----+--------+
         Total |  10699 |   9797 |    902 |   1603 |   6582 |  11 |  972.6 |
       Dungeon |  10663 |   9795 |    868 |   1603 |   6582 |  10 | 1066.3 |
        Temple |     35 |      1 |     34 |      0 |      0 |   1 |   35.0 |
               +--------+--------+--------+--------+--------+-----+--------+

Top non-repeatable levels by time:
     D:8: 1732 daAuts
     D:9: 1477 daAuts
     D:7: 1262 daAuts
     D:1: 1184 daAuts
     D:5: 1093 daAuts
     D:6: 1029 daAuts
     D:2: 1021 daAuts
     D:4: 875 daAuts
     D:3: 816 daAuts
    D:10: 171 daAuts
  Temple: 35 daAuts

Table legend:
 A = Non-vault XP
 B = Vault XP
 C = Vault XP percentage of total XP
 D = Non-vault monster count
 E = Vault monster count
 F = Vault count percentage of total count
                 A         B        C        D         E       F
            +---------+---------+-------+---------+---------+-------
      Total |    8030 |    1205 |  13.0 |     188 |      29 |  13.4
            +---------+---------+-------+---------+---------+-------
        D:1 |      41 |       0 |   0.0 |      23 |       0 |   0.0
        D:2 |      48 |     227 |  82.5 |      18 |       2 |  10.0
        D:3 |     125 |       0 |   0.0 |      21 |       0 |   0.0
        D:4 |     286 |     124 |  30.2 |      19 |      21 |  52.5
        D:5 |     489 |       0 |   0.0 |      21 |       0 |   0.0
        D:6 |     575 |     440 |  43.3 |      11 |       3 |  21.4
        D:7 |     677 |     126 |  15.7 |       9 |       2 |  18.2
        D:8 |    1809 |     288 |  13.7 |      29 |       1 |   3.3
        D:9 |    3428 |       0 |   0.0 |      29 |       0 |   0.0
       D:10 |     552 |       0 |   0.0 |       8 |       0 |   0.0
            +---------+---------+-------+---------+---------+-------
